 Dungeon Crawl Stone Soup version 0.31.0-1-g2c135a0 (webtiles) character file.

Game seed: 16401624698747095127

1046 edsrzf the Slicer (level 8, -1/46 HPs)
             Began as a Kobold Cinder Acolyte on Jan 30, 2024.
             Was a High Priest of Ignis.
             Slain by a gnoll
             ... wielding a +0 club
             ... led by a gnoll bouda
              (8 damage)
             ... on level 5 of the Dungeon.
             The game lasted 00:08:12 (3661 turns).

edsrzf the Slicer (Kobold Cinder Acolyte)           Turns: 3661, Time: 00:08:12

Health: -1/46      AC:  3    Str:  8      XL:     8   Next: 50%
Magic:  9/9        EV: 13    Int: 20 (21) God:    Ignis [*****.]
Gold:   152        SH:  0    Dex: 15 (16) Spells: 7/9 levels left

rFire   + . .        a - +1 dagger (venom)
rCold   . . .        (no shield)
rNeg    . . .        b - +0 robe
rPois   .            (no helmet)
rElec   .            r - +0 cloak
rCorr   .            (no gloves)
SInv    .            (no boots)
Will    .....        e - amulet of regeneration
Stlth   +++++        d - +6 ring of dexterity
HPRegen 1.07/turn    (no ring)
MPRegen 0.11/turn

%: no passive effects
@: about to teleport, weakened
A: small, no large weapons, nightstalker 3, clever 1, weak 1, evolution 1
a: Renounce Religion, Fiery Armour, Foxfire Swarm, Rising Flame


You were on level 5 of the Dungeon.
You worshipped Ignis.
Ignis was extremely pleased with you.
You visited 2 branches of the dungeon, and saw 6 of its levels.

You collected 152 gold pieces.

Inventory:

Hand Weapons
 a - a +1 dagger of venom (weapon)
Missiles
 f - 24 poisoned darts (quivered)
 s - a throwing net {=f}
Armour
 b - a +0 robe (worn)
 r - a +0 cloak (worn)
Jewellery
 d - a +6 ring of dexterity (left hand)
 e - an amulet of regeneration (around neck)
 n - a ring of see invisible
Wands
 p - a wand of polymorph (18)
 q - a wand of flame (19)
Scrolls
 g - 2 scrolls of teleportation
 h - a scroll of fog {unknown}
 j - 2 scrolls of enchant armour {unknown}
 k - 2 scrolls of identify {unknown}
 l - a scroll of fear {unknown}
 o - a scroll of poison {unknown}
Potions
 i - 2 potions of degeneration
 m - a potion of mutation {!q}


   Skills:
 - Level 3.2 Fighting
 + Level 9.5 Short Blades
 + Level 9.3 Stealth
 - Level 1.1 Spellcasting
 - Level 3.0 Fire Magic


You had 7 spell levels left.
You knew the following spells:

 Your Spells              Type           Power      Damage    Failure   Level
a - Scorch                Fire           26%        2d6       8%          2

Your spell library contained the following spells:

 Spells                   Type           Power      Damage    Failure   Level
 Freeze                   Ice            4%         1d3       17%         1
 Call Imp                 Summ           2%         N/A       26%         2
 Ensorcelled Hibernation  Hex/Ice        2%         N/A       26%         2
 Sublimation of Blood     Necr           1%         N/A       26%         2
 Frozen Ramparts          Ice            2%         1d1       45%         3
 Fugue of the Fallen      Necr           1%         N/A       45%         3
 Hailstorm                Conj/Ice       1%         3d5       45%         3
 Anguish                  Hex/Necr       0%         N/A       86%         4
 Summon Hydra             Summ           0%         N/A       100%        7


Dungeon Overview and Level Annotations

Branches:
Dungeon (5/15)             Temple (1/1) D:4

Altars:
Ashenzari
Fedhas
Hepliaklqana
Kikubaaqudgha
Nemelex Xobeh
Sif Muna
Trog
Wu Jian
Zin
The Shining One

Shops:
D:4 [


Innate Abilities, Weirdness & Mutations

You are small and have problems with some larger weapons.
You are completely attuned to the shadows.
Your mind is acute. (Int +4, Str/Dex -1)
You are weak. (Str -2)
You have hidden genetic potential.


Message History

You hit Blork the orc.
Blork the orc is moderately wounded.
Blork the orc zaps a wand.
You turn into a tree.
Your +0 cloak melds into your body.
Your +0 robe melds into your body.
Your roots penetrate the ground.
You barely miss Blork the orc.
You punch Blork the orc, but do no damage.
Blork the orc is moderately wounded.
You closely miss Blork the orc.
Blork the orc is heavily wounded.
Blork the orc hits you but does no damage.
You barely miss Blork the orc.
Blork the orc is heavily wounded.
Blork the orc gestures at you while chanting.
The puff of flame hits you but does no damage.
You hit Blork the orc but do no damage.
Blork the orc looks as sick as possible!
Blork the orc is heavily wounded.
Blork the orc begins to cast a cantrip, but forgets the words!
You hit Blork the orc.
Blork the orc looks as sick as possible!
You punch Blork the orc.
Blork the orc is severely wounded.
Blork the orc hits you but does no damage.
You barely miss Blork the orc.
Blork the orc is almost dead.
You hit Blork the orc but do no damage.
Blork the orc is almost dead.
Blork the orc hits you with a +0 long sword!
You hit Blork the orc.
You kill Blork the orc!
You feel your strength returning.
You cannot move.
You start resting.
Your transformation is almost over.
HP restored.
You start resting.
You feel less wooden.
Your +0 cloak unmelds from your body.
Your +0 robe unmelds from your body.
p - a wand of polymorph (18) (gained 10 charges)
Things that are here:
a +0 long sword; a +0 robe
Found a stone staircase leading down.
There is a stone staircase leading down here.
A gnoll is nearby!
A gnoll bouda comes into view. It is wielding a +0 whip of distortion.
You barely miss the gnoll. The gnoll closely misses you.
The gnoll bouda shouts!
The gnoll shouts!
You hit the gnoll but do no damage.
The gnoll is poisoned.
You hit the gnoll but do no damage. The gnoll hits you with a +0 club!
You hit the gnoll.
The gnoll looks as sick as possible!
The gnoll is heavily wounded.
You hit the gnoll bouda.
The gnoll bouda is lightly wounded.
The gnoll completely misses you.
You closely miss the gnoll bouda.
The gnoll bouda is lightly wounded.
The gnoll bouda calls upon its god to heal the gnoll.
The gnoll is healed somewhat.
You hit the gnoll bouda.
The gnoll bouda is poisoned.
The gnoll bouda is moderately wounded.
The gnoll closely misses you.
You hit the gnoll bouda.
The gnoll bouda looks as sick as possible!
The gnoll bouda is heavily wounded.
The gnoll bouda gazes fiercely through you!
You feel your attacks grow feeble.
The gnoll bouda hits you with a +0 whip of distortion!
Space warps around you.
You hit the gnoll.
The gnoll is lightly wounded.
The gnoll misses you. The gnoll hits you with a +0 flail!
Press: ? - help, v - describe, . - travel
Here: a gnoll bouda, wielding a +0 whip of distortion and wearing a +0 robe (heavily wounded, extremely poisoned)
The floor, spattered with blood.
The gnoll bouda attacks as it pursues you!
The gnoll bouda hits you with a +0 whip of distortion!
* * * LOW HITPOINT WARNING * * *
You blink.
The gnoll hits you with a +0 club.
* * * LOW HITPOINT WARNING * * *
You hit the gnoll but do no damage.
The gnoll bouda barks out a call to the hunt!
The gnolls pick up the pace!
The gnoll barely misses you.
You hear a shout!
You hit the gnoll.
The gnoll is poisoned.
The gnoll is moderately wounded.
The gnoll barely misses you.
Press: ? - help, v - describe, . - travel
Here: a gnoll, wielding a +0 club (moderately wounded, covering ground quickly, very poisoned)
The floor.
Okay, then.
Okay, then.
Okay, then.
Okay, then.
As you read the scroll of teleportation, it crumbles to dust.
You feel strangely unstable.
You kill the gnoll bouda!
The gnoll hits you with a +0 club!
You die...

......###.#..#..#....#.......#
.....##...######.....#......####
......##>....##...#............#
.#................#......>.....##
.###..###...#########...........#
.###.........###...............##
........###.###.........##..#.##
.##..............g.$.##....####
..##..#.........@g######..).#####
..###.#.#....##g###..#.#..)###..#
......#.....................##...
.........#####............)......
###....####.#..................).
..............#.....##..>........
.....................#...........
#............##...............(..
#.##.##......##.......####.......


You could see 3 gnolls.

Vanquished Creatures
  A black bear (D:4)
  2 phantoms (D:5)
  A kobold brigand (D:5)
  Blork the orc (D:5)
  2 scorpions
  A gnoll bouda (D:5)
  3 orc priests (D:5)
  A bombardier beetle (D:5)
  Crazy Yiuf (D:3)
  3 hounds
  An iguana (D:5)
  Natasha (thrice) (D:3)
  An orc wizard (D:4)
  Terence (D:2)
  4 adders
  2 ufetubi (D:5)
  2 ribbon worms
  4 dart slugs
  20 orcs
  4 endoplasms
  9 giant cockroaches
  6 hobgoblins
  3 jackals (D:2)
  6 quokkas
  7 ball pythons
  5 bats
  3 frilled lizards
  7 goblins
  11 kobolds
  4 rats
119 creatures vanquished.

Notes
Turn   | Place    | Note
-------+----------+-------------------------------------------
     0 | D:1      | edsrzf the Kobold Cinder Acolyte began the quest for the
                  | Orb.
     0 | D:1      | Reached XP level 1. HP: 14/14 MP: 2/2
    99 | D:1      | You fall into a shaft and drop 1 floor!
   122 | D:2      | Reached skill level 1 in Stealth
   215 | D:2      | Reached XP level 2. HP: 19/19 MP: 3/3
   223 | D:2      | Reached skill level 2 in Stealth
   267 | D:2      | Noticed Terence
   292 | D:1      | Reached XP level 3. HP: 23/23 MP: 4/4
   525 | D:1      | Reached skill level 5 in Short Blades
   556 | D:1      | Reached skill level 3 in Stealth
   737 | D:2      | Reached XP level 4. HP: 25/28 MP: 5/5
  1118 | D:2      | Killed Terence
  1119 | D:2      | Reached skill level 4 in Stealth
  1166 | D:3      | Learned a level 2 spell: Scorch
  1377 | D:3      | Reached XP level 5. HP: 32/32 MP: 6/6
  1577 | D:3      | Noticed Natasha
  1586 | D:3      | Killed Natasha
  1587 | D:3      | Reached skill level 6 in Short Blades
  1700 | D:3      | Found a runed translucent door.
  1703 | D:3      | Noticed Crazy Yiuf
  1818 | D:3      | Noticed Natasha
  1828 | D:3      | Killed Natasha
  1829 | D:3      | Reached skill level 5 in Stealth
  1870 | D:3      | Noticed Natasha
  1878 | D:3      | Killed Natasha
  1964 | D:3      | Killed Crazy Yiuf
  1965 | D:3      | Reached XP level 6. HP: 37/37 MP: 7/7
  2181 | D:4      | Found a staircase to the Ecumenical Temple.
  2188 | Temple   | Entered the Ecumenical Temple
  2195 | D:4      | Reached skill level 7 in Short Blades
  2195 | D:4      | Reached skill level 6 in Stealth
  2306 | D:4      | Found Kitoh's Antique Armour Emporium.
  2502 | D:4      | Reached XP level 7. HP: 41/41 MP: 8/8
  2532 | D:4      | Reached skill level 7 in Stealth
  2842 | D:5      | Entered Level 5 of the Dungeon
  2858 | D:5      | Identified 4 scrolls of teleportation
  2927 | D:5      | Reached skill level 8 in Short Blades
  3049 | D:5      | Reached skill level 8 in Stealth
  3049 | D:5      | Reached XP level 8. HP: 44/46 MP: 0/9
  3181 | D:5      | Identified 3 potions of degeneration
  3182 | D:5      | Identified 2 potions of mutation
  3182 | D:5      | Gained mutation: You have hidden genetic potential. [potion
                  | of mutation]
  3182 | D:5      | Gained mutation: Your mind is acute. (Int +4, Str/Dex -1)
                  | [potion of mutation]
  3182 | D:5      | Gained mutation: You are weak. (Str -2) [potion of
                  | mutation]
  3183 | D:5      | Identified a potion of heal wounds
  3188 | D:5      | Reached skill level 9 in Short Blades
  3349 | D:5      | Identified a potion of lignification
  3360 | D:5      | Reached skill level 9 in Stealth
  3546 | D:5      | Found an ornate altar of the Wu Jian Council.
  3572 | D:5      | Noticed Blork the orc
  3590 | D:5      | Killed Blork the orc
  3661 | D:5      | Slain by a gnoll

Illustrated notes

Levels and vault maps discovered:
D:1:      dpeg_arrival_stone_temple_mockup, layout_rooms,
          chequers_serial_rivers_small_b
D:2:      layout_basic, nicolae_titane, uniq_terence
D:3:      layout_loops_ring, chequers_serial_rivers_small_b,
          uniq_crazy_yiuf_cottage, uniq_natasha
D:4:      layout_rooms, minmay_temple_entry_sparse_star, serial_shops,
          nicolae_diamond_shop
D:5:      layout_cave_pools, general_overflow_altar, hangedman_decor_push,
          amcnicky_mini_corridor_feature, uniq_blork_the_orc
Temple:   hellmonk_temple_rainy

Skill      XL: |  1  2  3  4  5  6  7  8 |
---------------+-------------------------+-----
Stealth        | 1 2 3 4 5 6 8 9 |  9.3
Short Blades   | 5 6 7 8 9 |  9.5
Fighting       | |  3.2
Spellcasting   | |  1.1
Fire Magic     | |  3.0

Action                     |  1- 3 |  4- 6 |  7- 9 || total
---------------------------+-------+-------+-------++-------
  Melee: Short sword       |    14 |       |       ||    14
         Dagger            |    52 |   130 |   160 ||   342
         Punch             |       |     2 |     6 ||     8
         Unarmed           |       |     4 |       ||     4
  Throw: Dart              |     1 |     1 |     1 ||     3
   Cast: Scorch            |       |       |     9 ||     9
    Use: Scroll            |       |       |     2 ||     2
         Potion            |       |       |     4 ||     4
   Stab: Sleeping          |    17 |    16 |     7 ||    40
         Distracted        |       |     2 |     1 ||     3
 Armour: Robe              |    14 |    54 |    78 ||   146
         Skin              |       |       |    48 ||    48
  Dodge: Dodged            |    18 |    72 |    69 ||   159
